 Dungeon Crawl Stone Soup version 0.31.0-11-ge490571c62 (webtiles) character file.

Game seed: 4258800538900600939

12 qw the Shooter (level 2, -10/14 HPs)
             Began as a Spriggan Hunter on Feb 3, 2024.
             Killed from afar by Sigmund (11 damage)
             ... with a puff of flame
             ... on level 2 of the Dungeon.
             The game lasted 00:00:01 (438 turns).

qw the Shooter (Spriggan Hunter)                     Turns: 438, Time: 00:00:02

Health: -10/14     AC:  2    Str:  7    XL:     2   Next: 20%
Magic:  3/3        EV: 19    Int: 10    God:
Gold:   69         SH:  0    Dex: 18    Spells: 1/1 levels left

rFire   . . .        a - +0 shortbow
rCold   . . .        (shield currently unavailable)
rNeg    . . .        c - +0 robe
rPois   .            (helmet restricted)
rElec   .            (no cloak)
rCorr   .            (gloves unavailable)
SInv    +            (boots unavailable)
Will    .....        (no amulet)
Stlth   ++           (no ring)
HPRegen 0.22/turn    (no ring)
MPRegen 0.08/turn

%: no passive effects
@: about to teleport, very quick
A: very small, no large weapons, unfitting armour, see invisible, speed 3
a: no special abilities


You were on level 2 of the Dungeon.
You visited 1 branch of the dungeon, and saw 2 of its levels.

You collected 69 gold pieces.


Innate Abilities, Weirdness & Mutations

You are very small and have problems with some larger weapons.
You are too small for most types of armour.
You have supernaturally acute eyesight. (SInv)
You cover ground extremely quickly. (Speed+++)


   Skills:
 - Level 1.5 Fighting
 + Level 4.0 Ranged Weapons
 - Level 4.0 Dodging
 - Level 1.5 Stealth


You had one spell level left.
You didn't know any spells.
Your spell library was empty.

Inventory:

Hand Weapons
 a - a +0 shortbow (weapon)
Armour
 c - a +0 robe (worn)
Scrolls
 b - a scroll of identify
 d - a scroll of teleportation
Potions
 g - a potion of might {unknown}

Dungeon Overview and Level Annotations

Branches:
Dungeon (2/15)

Altars:

Annotations:
D:2 Sigmund


Message History

You see here a scroll labelled NIGIRH JIOWA.
You shoot an arrow. The arrow hits the ribbon worm.
The ribbon worm is lightly wounded.
You shoot an arrow. The arrow hits the ribbon worm.
The ribbon worm is lightly wounded.
You shoot an arrow. The arrow hits Sigmund.
Sigmund is lightly wounded.
Sigmund hits you from afar with a +0 scythe.
You shoot an arrow.
The arrow hits Sigmund but does no damage.
Sigmund is lightly wounded.
The ribbon worm expels a string of sticky webbing.
The stream of webbing hits you but does no damage.
You are caught in a web!
Sigmund barely misses you.
The web tears apart.
You shoot an arrow. The arrow barely misses Sigmund.
Sigmund mumbles some strange words.
Sigmund flickers and vanishes for a moment.
You shoot an arrow. The arrow closely misses Sigmund.
Sigmund hits you from afar with a +0 scythe!
Ouch! That really hurt!
436 ||| READING 2 scrolls of teleportation.
As you read the scroll of teleportation, it crumbles to dust.
You feel strangely unstable.
The ribbon worm expels a string of sticky webbing.
The stream of webbing hits you but does no damage.
You are caught in a web!
The ribbon worm expels a string of sticky webbing.
The stream of webbing misses you.
Sigmund hits you from afar with a +0 scythe.
You struggle to detach yourself from the web.
The ribbon worm barely misses you.
The ribbon worm expels a string of sticky webbing.
The stream of webbing misses you.
The web tears apart.
Sigmund casts a spell at you. The puff of flame hits you!
Ouch! That really hurt!
You die...
Sigmund begins carving another notch in his scythe.

##.....##........
.?......#.....#
.........<..#
............###
...)....%.......
........###......
....##...# ......
....##...##......
........@.@......
........ww.......
#..............
#..............
#..............
#..............
#..............
######.........


You could see Sigmund (invisible) and 2 ribbon worms.

Vanquished Creatures
  2 ball pythons
  An endoplasm (D:1)
  3 goblins (D:1)
  A hobgoblin (D:1)
  2 frilled lizards (D:1)
  A kobold (D:1)
  2 rats (D:1)
12 creatures vanquished.

Notes
Turn   | Place    | Note
-------+----------+-------------------------------------------
     0 | D:1      | qw the Spriggan Hunter began the quest for the Orb.
     0 | D:1      | Reached XP level 1. HP: 10/10 MP: 2/2
     0 | D:1      | 0 ||| qw: Version: 0.3-a-158-g18b3111
     0 | D:1      | 0 ||| qw: Game counter: 4074
     0 | D:1      | 0 ||| qw: Melee chars always use a shield: true
     0 | D:1      | 0 ||| qw: God list: Okawaru
     0 | D:1      | 0 ||| qw: Allow faded altars: false
     0 | D:1      | 0 ||| qw: Do Orc after clearing Dungeon:15 true
     0 | D:1      | 0 ||| qw: Do second Lair branch before Depths: true
     0 | D:1      | 0 ||| qw: Lair rune preference: random
     0 | D:1      | 0 ||| qw: Goals: Normal
     0 | D:1      | 0 ||| PLANNING D:1-11
    21 | D:1      | Reached skill level 3 in Dodging
   162 | D:1      | Reached XP level 2. HP: 14/14 MP: 3/3
   364 | D:1      | 364 ||| READING 3 scrolls labelled PEXUOR BAAMM.
   369 | D:1      | 369 ||| READING scroll labelled LAVENWECRO.
   370 | D:1      | 370 ||| READING scroll labelled UNUHAMOYMA.
   370 | D:1      | 370 ||| IDENTIFYING coppery potion
   371 | D:1      | 371 ||| READING scroll labelled HUNOHU YVVOERE.
   372 | D:1      | 372 ||| DROPPING scroll of butterflies.
   373 | D:1      | 373 ||| DROPPING potion of magic.
   378 | D:2      | Noticed Sigmund
   383 | D:2      | 383 ||| STAIRDANCE
   435 | D:2      | HP: 3/14 [Sigmund/+0 scythe (8)]
   436 | D:2      | 436 ||| READING 2 scrolls of teleportation.
   436 | D:2      | HP: 1/14 [Sigmund/+0 scythe (3)]
   438 | D:2      | Killed from afar by Sigmund

Levels and vault maps discovered:
D:1:      amcnicky_arrival_underground_garden, layout_basic, minmay_domino_2
D:2:      layout_basic, supply_closet_lemuel, uniq_jessica, uniq_sigmund

Skill      XL: |  1  2 |
---------------+-------+-----
Dodging        | 3 4 |  4.0
Fighting       | |  1.5
Ranged Weapons | |  4.0
Stealth        | |  1.5

Action                     || total
---------------------------++-------
   Fire: Shortbow          ||    29
    Use: Scroll            ||     5
 Armour: Robe              ||     5
  Dodge: Dodged            ||     5

Table legend:
 A = Non-vault XP
 B = Vault XP
 C = Vault XP percentage of total XP
 D = Non-vault monster count
 E = Vault monster count
 F = Vault count percentage of total count
                 A         B        C        D         E       F
            +---------+---------+-------+---------+---------+-------
      Total |      15 |       3 |  16.7 |      10 |       2 |  16.7
            +---------+---------+-------+---------+---------+-------
        D:1 |      14 |       3 |  17.6 |       9 |       2 |  18.2
        D:2 |       1 |       0 |   0.0 |       1 |       0 |   0.0
            +---------+---------+-------+---------+---------+-------
